 Dungeon Crawl Stone Soup version 0.24.0-125-gc4c63601f3 (console) character file.

Game seed: 4588040422806431111, levelgen mode: deterministic

27 utis the Shooter (level 3, -1/21 HPs)
             Began as a Tengu Arcane Marksman on Feb 22, 2020.
             Slain by an adder (3 damage)
             ... on level 2 of the Dungeon.
             The game lasted 00:04:03 (1965 turns).

utis the Shooter (Tengu Arcane Marksman)            Turns: 1965, Time: 00:04:04

Health: -1/21      AC:  3    Str:  5    XL:     3   Next: 10%
Magic:  3/5        EV: 12    Int: 14    God:
Gold:   66         SH:  0    Dex: 14    Spells: 1/4 levels left

rFire    . . .     SeeInvis .   w - +0 shortbow
rCold    . . .     Gourm    .   (shield currently unavailable)
rNeg     . . .     Faith    .   j - +0 leather armour
rPois    .         Spirit   .   (helmet restricted)
rElec    .         Reflect  .   (no cloak)
rCorr    .         Harm     .   (no gloves)
MR       .....                  (boots unavailable)
Stlth    +.........             (no amulet)
HPRegen  0.07/turn              i - -5 ring of strength (curse)
MPRegen  0.09/turn              (no ring)

@: lethally poisoned (-1 -> -5)
A: beak, talons 3
a: no special abilities


You were on level 2 of the Dungeon.
You were not hungry.

You visited 1 branch of the dungeon, and saw 2 of its levels.

You collected 66 gold pieces.

Inventory:

Hand Weapons
 a - a +0 short sword
 g - a +0 club
 w - a +0 shortbow (weapon)
Missiles
 d - 9 arrows (quivered)
Armour
 e - a +0 robe
 j - a +0 leather armour (worn)
Jewellery
 i - a cursed -5 ring of strength (left hand)
Potions
 b - a potion of flight
 k - a potion of cancellation
 l - a potion of heal wounds {unknown}
Comestibles
 f - a ration {@e1}
 h - 2 chunks of flesh


   Skills:
 + Level 1.8 Fighting
 + Level 2.8 Bows
 + Level 2.8 Dodging
 - Level 1.0 Spellcasting
 - Level 2.1 Hexes


You had one spell level left.
You knew the following spells:

 Your Spells              Type           Power        Failure   Level  Hunger
a - Corona                Hex            #......      19%         1    ##.....
b - Slow                  Hex            #.......     26%         2    ###....

Your spell library contained the following spells:

 Spells                   Type           Power        Failure   Level  Hunger
 Inner Flame              Hex/Fire       #.......     63%         3    ####...
 Portal Projectile        Hex/Tloc       #.....       63%         3    ####...
 Cause Fear               Hex            #.........   87%         4    #####..
 Leda's Liquefaction      Hex/Erth       #.........   95%         4    #####..


Dungeon Overview and Level Annotations

Branches:
Dungeon (2/15)

Altars:


Innate Abilities, Weirdness & Mutations

You have a beak for a mouth.
You have claws for feet.


Message History

You are too injured to fight recklessly!
Firing (i - inventory)
d - 11 arrows (quivered)
Press: ? - help, Shift-Dir - straight line, f/p - adder
Aim: an adder (heavily wounded)
You shoot an arrow. The arrow misses the adder.
The adder barely misses you.
Firing (i - inventory)
d - 10 arrows (quivered)
Press: ? - help, Shift-Dir - straight line, f/p - adder
Aim: an adder (heavily wounded)
You shoot an arrow. The arrow hits the adder.
The adder is almost dead.
The adder bites you.
* * * LOW HITPOINT WARNING * * *
You are lethally poisoned!
The adder poisons you! The adder barely misses you.
Unknown command.
It was a potion of cancellation.
You feel magically purged.
Your magical contamination has completely faded away.
* * * LOW HITPOINT WARNING * * *
You feel sick. The adder bites you.
You die...

.... ... ... ..░
░░░░.░ ..➘€░
░░░░➘.░ ░ ░...S.░
░ ░...Q.░░░░░░░░
░.░
░.....░.......
..░
+.............
░░░
░.....░░░░░.░░ ..
░░+░........░
....
.░░░.░...░░░░░...
.... .....░░..░
..░ ░.....░
░.....░


You could see an adder.

Vanquished Creatures
  A dart slug (D:1)
  3 leopard geckos
  2 goblins (D:1)
  4 hobgoblins (D:1)
  6 bats
  4 frilled lizards
  2 rats (D:1)
22 creatures vanquished.

Notes
Turn   | Place    | Note
-------+----------+-------------------------------------------
     0 | D:1      | utis the Tengu Arcane Marksman began the quest for the Orb.
     0 | D:1      | Reached XP level 1. HP: 12/12 MP: 3/3
   298 | D:1      | Reached XP level 2. HP: 16/16 MP: 1/4
   425 | D:1      | Learned a level 2 spell: Slow
  1752 | D:2      | Reached XP level 3. HP: 21/21 MP: 3/5
  1965 | D:2      | Slain by an adder

Levels and vault maps discovered:
D:1:      onia_arrival_mini_maze, layout_loops_ring
D:2:      cheibrodos_greedy_goblins, layout_basic,
          grunt_temple_overflow_forces_of_nature

Action                   || total
-------------------------++-------
Melee: Unarmed           ||    10
       Club              ||    13
       Kick              ||    13
       Peck              ||     8
       Short sword       ||    43
 Fire: Shortbow          ||    19
 Cast: Corona            ||    31
  Use: Scroll            ||     3
       Potion            ||     2
  Eat: Chunk             ||     2
       Ration            ||     1
Armor: Robe              ||    12
       Leather armour    ||     7
Dodge: Dodged            ||    57
